 Dungeon Crawl Stone Soup version 0.29-a0-1009-g60c99734e7 (webtiles) character file.

Game seed: 1740428958857712147

5616 wingedge the Trooper (level 11, -2/83 HPs)
             Began as a Human Wanderer on Aug 8, 2022.
             Was a Believer of Vehumet.
             Slain by a freezing wraith (7 damage)
             ... on level 9 of the Dungeon.
             The game lasted 00:44:15 (12642 turns).

wingedge the Trooper (Human Wanderer)              Turns: 12642, Time: 00:44:16

Health: -2/83      AC: 12    Str: 17    XL:     11   Next: 3%
Magic:  1/20       EV: 12    Int: 13    God:    Vehumet [**....]
Gold:   256        SH:  0    Dex: 12    Spells: 15/22 levels left

rFire   + . .      SeeInvis .   a - +3 war axe (spect)
rCold   x . .      Faith    .   (no shield)
rNeg    + + .      Spirit   .   H - +2 ring mail of Quchahu {rPois rF+ rC- rN+}
rPois   +          Reflect  .   (no helmet)
rElec   .          Harm     .   n - +1 cloak
rCorr   .          Rampage  .   u - +1 pair of gloves
Will    .....                   (no boots)
Stlth   +.........              (no amulet)
HPRegen 0.23/turn               i - ring of positive energy
MPRegen 0.17/turn               (no ring)

@: slowed, very slow
A: no striking features
a: Renounce Religion


You were on level 9 of the Dungeon.
You worshipped Vehumet.
Vehumet was pleased with you.
You visited 2 branches of the dungeon, and saw 10 of its levels.
You also visited: Sewer.

You collected 442 gold pieces.
You spent 186 gold pieces at shops.

Inventory:

Hand Weapons
 a - a +3 spectral war axe (weapon)
 b - a +2 vampiric dagger
 c - a +2 vampiric hand axe
 e - a +3 battleaxe
 f - a +2 falchion
 h - a +2 trident of protection
 I - a +0 shortbow
Missiles
 v - 2 curare-tipped darts
 x - 13 poisoned darts
 D - a throwing net (quivered)
 E - 5 javelins
 L - 6 boomerangs
Armour
 j - a +3 leather armour of fire resistance
 n - a +1 cloak (worn)
 u - a +1 pair of gloves (worn)
 H - the +2 ring mail of Quchahu (worn) {rPois rF+ rC- rN+}
   (You found it on level 7 of the Dungeon)

   rF:        It protects you from fire.
   rC:        It makes you vulnerable to cold.
   rPois:     It protects you from poison.
   rN:        It protects you from negative energy.
Jewellery
 i - a ring of positive energy (left hand)
 G - a ring of ice
Wands
 K - a wand of charming (5)
Scrolls
 o - 2 scrolls of amnesia
 p - a scroll of brand weapon
 q - 2 scrolls of poison
 r - 3 scrolls of teleportation
 t - a scroll of silence
 w - a scroll of summoning
 A - a scroll of enchant armour
 C - a scroll of blinking {unknown}
 J - a scroll of fog {unknown}
 M - a scroll of immolation {unknown}
Potions
 d - a potion of invisibility
 g - 7 potions of curing
 k - 2 potions of haste
 l - a potion of brilliance
 m - a potion of lignification {unknown}
 s - 3 potions of flight
 z - a potion of might {unknown}
 B - 4 potions of degeneration {unknown}


   Skills:
 + Level 6.5 Fighting
 - Level 4.0 Long Blades
 - Level 6.0 Axes
 - Level 3.0 Throwing
 - Level 5.0 Armour
 - Level 4.0 Dodging
 - Level 6.0 Spellcasting
 - Level 6.0 Conjurations
 - Level 6.0 Air Magic
 - Level 3.0 Poison Magic


You had 15 spell levels left.
You knew the following spells:

 Your Spells              Type           Power      Damage    Failure   Level
a - Poisonous Vapours     Pois/Air       30%        N/A       7%          2
b - Static Discharge      Conj/Air       19%        3-6/arc   3%          2
c - Mephitic Cloud        Conj/Pois/Air  16%        N/A       11%         3

Your spell library contained the following spells:

 Spells                   Type           Power      Damage    Failure   Level
 Stone Arrow              Conj/Erth      22%        3d8       26%         3
 Magic Dart               Conj           76%        1d6       2%          1
 Call Imp                 Summ           3%         N/A       41%         2


Dungeon Overview and Level Annotations

Branches:
Dungeon (9/15)             Temple (1/1) D:5            Lair (0/5) D:9
  Sewer (visited)
    Orc: D:9-12

Altars:
Ashenzari
Cheibriados
Dithmenos
Elyvilon
Fedhas
Hepliaklqana
Nemelex Xobeh
Ru
Trog
Uskayaw
Vehumet
Yredelemnul
Zin

Shops:
D:2 !   D:5 ?


Message History

The freezing wraith barely misses your +3 spectral war axe.
The freezing wraith completely misses your +3 spectral war axe.
The freezing wraith closely misses your +3 spectral war axe.
The freezing wraith barely misses your +3 spectral war axe.
The black bear completely misses you. The black bear claws you.
* * * LOW HITPOINT WARNING * * *
The black bear misses you.
You hit the freezing wraith but do no damage.
The freezing wraith is almost destroyed.
You barely miss the black bear.
The freezing wraith completely misses you.
The freezing wraith barely misses you.
The black bear bites you but does no damage.
The black bear misses you.
The black bear claws you but does no damage.
The freezing wraith hits you but does no damage.
The freezing wraith hits you.
* * * LOW HITPOINT WARNING * * *
The freezing wraith drains your vigour!
You feel as though you will be slow longer.
The black bear closely misses you.
The black bear claws you but does no damage.
The black bear claws you.
* * * LOW HITPOINT WARNING * * *
Okay, then.
Okay, then.
Okay, then.
Aiming: Charm
Press: ? - help, Shift-Dir - straight line, f - freezing wraith
Aim: a freezing wraith (almost destroyed, chance to affect: 31%)
Okay, then.
Casting: Static Discharge (safe; 3% risk of failure)
Confirm with . or Enter, or press ? or * to list all spells.
Okay, then.
Okay, then.
As you read the scroll of fear, it crumbles to dust.
You assume a fearsome visage.
The black bear looks frightened!
The boggart looks frightened!
The freezing wraith is unaffected.
The freezing wraith hits you!
You die...

## ..} . }. .. .. .
...###. .# #..g... ..#
#......####...# ..
#...hW§.....#
....#####@(....$.
.........)).#####
...###.##.########## #.#
###.......# . #.#
#.......####. #.#
#...........
########.#####.........#
............##.........#
######.#.##.##.........#


You could see a freezing wraith, a black bear (fleeing) and a boggart (confused,
fleeing).

Vanquished Creatures
  A cyclops (D:9)
  An elephant (D:9)
  A troll (D:9)
  Prince Ribbit (D:8)
  4 yaks (D:8)
  3 wyverns
  A steam dragon (D:7)
  A basilisk (D:9)
  2 water moccasins
  An ice beast (D:7)
  4 black bears
  A sky beast (D:7)
  An ogre (D:5)
  3 centaurs
  A phantom (D:6)
  4 bullfrogs
  4 kobold brigands
  2 scorpions
  2 gnoll sergeants
  A necrophage (D:5)
  8 wights (D:9)
  4 howler monkeys
  3 hounds
  3 jellies
  An iguana (D:4)
  2 orc wizards
  15 gnolls
  12 adders
  A river rat (Sewer)
  A shadow imp (D:5)
  A white imp (D:6)
  An ufetubus (D:5)
  3 worms
  3 dart slugs
  21 orcs
  4 bats
  3 endoplasms
  3 giant cockroaches
  9 goblins
  4 hobgoblins
  5 jackals
  3 quokkas
  16 ball pythons
  4 frilled lizards
  20 kobolds
  10 rats
199 creatures vanquished.

Vanquished Creatures (others)
  A necrophage (D:7)
1 creature vanquished.

Grand Total: 200 creatures vanquished

Notes
Turn   | Place    | Note
-------+----------+-------------------------------------------
     0 | D:1      | wingedge the Human Wanderer began the quest for the Orb.
     0 | D:1      | wingedge set off with the following items: a +2 falchion, a
                  | +0 scale mail, a potion of berserk rage; and the following
                  | spells available to memorise: Poisonous Vapours, Static
                  | Discharge.
     0 | D:1      | Reached XP level 1. HP: 16/16 MP: 4/4
   302 | D:1      | Reached skill level 1 in Air Magic
   363 | D:1      | Reached XP level 2. HP: 20/22 MP: 6/6
   389 | D:1      | Learned a level 2 spell: Poisonous Vapours
   403 | D:1      | Learned a level 2 spell: Static Discharge
   736 | D:1      | Reached skill level 1 in Poison Magic
   736 | D:1      | Reached XP level 3. HP: 26/27 MP: 7/7
  1128 | D:2      | Identified the +8 whip "Wuqiub" {flame, Dex+3}
  1226 | D:2      | Reached skill level 1 in Conjurations
  1298 | D:2      | Found a faded altar of an unknown god.
  1423 | D:2      | Reached XP level 4. HP: 33/33 MP: 8/8
  1954 | D:2      | Reached XP level 5. HP: 27/38 MP: 5/10
  2196 | D:2      | Found Mumm's Distillery.
  2683 | D:3      | Found a broken altar of Ashenzari.
  3137 | D:3      | Found a shadowy altar of Dithmenos.
  3138 | D:3      | Found a sacrificial altar of Ru.
  4023 | D:4      | Reached XP level 6. HP: 44/44 MP: 5/12
  4199 | D:4      | Found a hide-covered altar of Uskayaw.
  5737 | D:5      | Entered Level 5 of the Dungeon
  5767 | D:5      | Reached XP level 7. HP: 46/50 MP: 11/14
  5768 | D:5      | Reached skill level 5 in Spellcasting
  5836 | D:5      | Found Qipper's Magic Scroll Shoppe.
  5843 | D:5      | Bought a scroll of brand weapon for 104 gold pieces
  5843 | D:5      | Bought a scroll of enchant armour for 82 gold pieces
  5976 | D:5      | Found a staircase to the Ecumenical Temple.
  5984 | Temple   | Entered the Ecumenical Temple
  5991 | Temple   | Became a worshipper of Vehumet
  6519 | D:5      | Found a sparkling altar of Nemelex Xobeh.
  6819 | D:5      | Reached skill level 1 in Dodging
  7297 | D:6      | Found a glowing drain.
  7305 | D:6      | Noticed a water moccasin
  7310 | D:6      | Killed a water moccasin
  7311 | D:6      | Reached XP level 8. HP: 39/60 MP: 6/15
  7313 | Sewer    | Entered a sewer
  7693 | Sewer    | Found a white marble altar of Elyvilon.
  7761 | D:6      | Reached skill level 5 in Conjurations
  8011 | D:6      | Found a basalt altar of Yredelemnul.
  8092 | D:6      | Reached skill level 5 in Fighting
  8258 | D:6      | Reached * piety under Vehumet
  8258 | D:6      | Offered knowledge of Freeze by Vehumet.
  8292 | D:6      | Reached XP level 9. HP: 65/68 MP: 11/16
  8624 | D:7      | Identified the +2 ring mail of Quchahu {rPois rF+ rC- rN+}
  8669 | D:7      | Reached skill level 5 in Air Magic
  9472 | D:7      | Learned a level 3 spell: Mephitic Cloud
 10558 | D:7      | Reached XP level 10. HP: 48/76 MP: 4/19
 10727 | D:8      | Offered knowledge of Foxfire by Vehumet.
 10727 | D:8      | Noticed Prince Ribbit
 10731 | D:8      | Reached ** piety under Vehumet
 10751 | D:8      | Killed Prince Ribbit
 11725 | D:8      | Reached skill level 1 in Axes
 12083 | D:9      | Noticed an elephant
 12084 | D:9      | Found a staircase to the Lair.
 12096 | D:9      | Killed an elephant
 12097 | D:9      | Reached skill level 5 in Armour
 12312 | D:9      | Reached skill level 5 in Axes
 12628 | D:9      | Noticed a cyclops
 12628 | D:9      | Noticed a freezing wraith
 12635 | D:9      | Killed a cyclops
 12635 | D:9      | Offered knowledge of Stone Arrow by Vehumet.
 12636 | D:9      | Reached XP level 11. HP: 19/83 MP: 4/20
 12642 | D:9      | Slain by a freezing wraith

Illustrated notes

Levels and vault maps discovered:
D:1:      minmay_arrival_semitransparent, layout_loops_corners
D:2:      layout_loops_cross, serial_shops, shop, basic_ecumenical_altar,
          minmay_snake_closets
D:3:      layout_basic, grunt_temple_overflow_open
D:4:      layout_basic, mainiacjoe_overflow_paths, grunt_ministairs_10,
          nzn_random_ring
D:5:      layout_basic, nemelex_altar_shiori, minmay_temple_entry_overgrown,
          serial_shops, nicolae_shop_stone
D:6:      layout_basic, mainiacjoe_overflow_concentric_impassable,
          portal_sewer_entry_a, chequers_decorated_corner
D:7:      black_bear_nest_1, layout_gridville
D:8:      layout_basic, uniq_prince_ribbit1
D:9:      layout_loops_cross, lightli_temple_of_fire, david_lair_generic,
          enter_bailey_8, minmay_radiant
Temple:   cyrus_circular_temple

Skill      XL: |  1  2  3  4  5  6  7  8  9 10 |
---------------+-------------------------------+-----
Air Magic      | 1 2 3 4 5 6 |  6.0
Poison Magic   | 1 2 3 |  3.0
Conjurations   | 1 3 5 6 |  6.0
Spellcasting   | 4 5 6 |  6.0
Fighting       | 4 5 6 |  6.5
Dodging        | 1 2 3 4 |  4.0
Armour         | 2 4 5 |  5.0
Throwing       | 3 |  3.0
Axes           | 6 |  6.0
Long Blades    | |  4.0

Action                   |  1- 3 |  4- 6 |  7- 9 | 10-12 || total
-------------------------+-------+-------+-------+-------++-------
Melee: Falchion          |    83 |    78 |    12 |       ||   173
       Punch             |     1 |       |       |       ||     1
       Trident           |       |       |    52 |    25 ||    77
       War axe           |       |       |       |    28 ||    28
Throw: Dart              |       |     1 |       |     2 ||     3
       Javelin           |       |     4 |     7 |       ||    11
       Throwing net      |       |       |     1 |       ||     1
 Cast: Poisonous Vapours |     1 |    59 |    49 |     3 ||   112
       Static Discharge  |       |    30 |    81 |    47 ||   158
       Mephitic Cloud    |       |       |     3 |    12 ||    15
Evoke: Wand              |       |       |     2 |       ||     2
  Use: Scroll            |       |     7 |     7 |     8 ||    22
       Potion            |       |     1 |       |     4 ||     5
 Stab: Confused          |       |       |     1 |     1 ||     2
Armor: Leather armour    |    32 |    39 |    29 |       ||   100
       Ring mail         |       |       |    35 |    45 ||    80
Dodge: Dodged            |    38 |    77 |   107 |    64 ||   286

Table legend: (Time is in decaauts)
 A = Elapsed time spent in this place.
 B = Non-inter-level travel time spent in this place.
 C = Inter-level travel time spent in this place.
 D = Time resting spent in this place.
 E = Time spent auto-exploring this place.
 F = Levels seen in this place.
 G = Mean time per level.
                   A        B        C        D        E       F      G
               +--------+--------+--------+--------+--------+-----+--------+
         Total |  12736 |  12279 |    457 |   3396 |   6887 |  11 | 1157.8 |
       Dungeon |  12274 |  11817 |    457 |   3101 |   6779 |   9 | 1363.8 |
        Temple |     14 |     14 |      0 |      0 |      0 |   1 |   14.0 |
         Sewer |    447 |    447 |      0 |    295 |    108 |   1 |  447.0 |
               +--------+--------+--------+--------+--------+-----+--------+

Top non-repeatable levels by time:
     D:7: 2066 daAuts
     D:4: 1927 daAuts
     D:5: 1466 daAuts
     D:2: 1392 daAuts
     D:3: 1337 daAuts
     D:8: 1257 daAuts
     D:6: 1187 daAuts
     D:1: 1107 daAuts
     D:9: 532 daAuts
   Sewer: 447 daAuts
  Temple: 14 daAuts
